 Dungeon Crawl Stone Soup version 0.19-a0-867-g949743d (webtiles) character file.

1836 matakusis the Nimble (level 8, -14/65 HPs)
             Began as a Demonspawn Gladiator on July 3, 2016.
             Demolished by a crocodile (17 damage)
             ... on level 7 of the Dungeon.
             The game lasted 00:19:44 (6702 turns).

matakusis the Nimble (Demonspawn Gladiator)         Turns: 6702, Time: 00:19:45

Health: -14/65     AC: 10    Str: 17    XL:     8   Next: 87%
Magic:  17/17      EV: 17    Int:  9    God:
Gold:   320        SH:  7    Dex: 15    Spells: 0 memorised, 7 levels left

rFire  . . .     SeeInvis .     a - +0 long sword
rCold  . . .     Gourm    .     b - +1 leather armour
rNeg   . . .     Faith    .     (no shield)
rPois  .         Spirit   .     c - +0 helmet
rElec  .         Dismiss  .     (no cloak)
rCorr  .         Reflect  +     m - +0 pair of gloves
SustAt .         Harm     .     j - +0 pair of boots
MR     .....                    B - +4 amulet of reflection
Stlth  +.........               (no ring)
                                o - ring of magical power

@: not resistant to hostile enchantments, very unstealthy
A: claws 2, large bone plates 2, powered by pain 2
a: no special abilities


You were on level 7 of the Dungeon.
You were not hungry.

You visited 2 branches of the dungeon, and saw 8 of its levels.

You collected 320 gold pieces.

Inventory:

Hand Weapons
 a - a +0 long sword (weapon)
 v - the +7 dagger of the Beast {antimagic, rF+}
   (You found it on level 4 of the Dungeon)

   It reduces the magical energy of the wielder, and disrupts the spells and
   magical abilities of those hit.
   Natural abilities and divine invocations are not affected.
   It protects you from fire.
Missiles
 d - 2 throwing nets (quivered)
 p - 6 tomahawks of returning
 s - 135 stones
 C - 2 javelins
Armour
 b - a +1 leather armour (worn)
 c - a +0 helmet (worn)
 j - a +0 pair of boots (worn)
 m - a +0 pair of gloves (worn)
Jewellery
 o - a ring of magical power (left hand)
 B - a +4 amulet of reflection (around neck)
 E - an uncursed ring of magical power
Wands
 h - a wand of teleportation (4/9)
 t - a wand of flame (48/48)
 u - a wand of acid (7/15)
 y - a wand of flame (19/48)
 D - a wand of acid (7/15)
Scrolls
 e - 3 scrolls of teleportation
 k - 3 scrolls of remove curse
 l - 5 scrolls of identify
 r - 3 scrolls of recharging
Potions
 i - a potion of curing
 n - a potion of brilliance
 w - 3 potions of lignification
 x - 3 potions of cure mutation
 z - 2 potions of flight
Books
 q - a book of Enchantments

   Spells                             Type                      Level
   a - Cause Fear                     Hexes                        4
   b - Yara's Violent Unravelling     Hexes/Transmutation          5
   c - Silence                        Hexes/Air                    5
   d - Deflect Missiles               Charms/Air                   6
   e - Haste                          Charms                       6
   f - Discord                        Hexes                        8
 A - a book of the Warp

   Spells                             Type                      Level
   a - Recall                         Summoning/Translocation      3
   b - Gell's Gravitas                Hexes/Translocation          3
   c - Force Lance                    Conjuration/Translocation    4
   d - Warp Weapon                    Charms/Translocation         5
   e - Summon Forest                  Summoning/Translocation      5
Comestibles
 f - 5 bread rations
 g - 4 meat rations


   Skills:
 * Level 6.4 Fighting
 + Level 5.2 Long Blades
 - Level 1.7 Throwing
 * Level 8.2 Dodging


You had 7 spell levels left.
You didn't know any spells.

Dungeon Overview and Level Annotations

Branches:
Dungeon (7/15)             Temple (1/1) D:4

Altars:
Ashenzari
Cheibriados
Dithmenos
Elyvilon
Fedhas
Gozag
Kikubaaqudgha
Makhleb
Nemelex Xobeh
Okawaru
Qazlal
Ru
Trog
Uskayaw
Vehumet
Xom
Yredelemnul
Zin
The Shining One

Shops:
D:7 *}


Innate Abilities, Weirdness & Mutations

You have very sharp fingernails.
You are mostly covered in large bone plates. (AC +3, SH +3)
You sometimes gain power by taking damage.


Message History

You hit the crocodile but do no damage.
The crocodile is almost dead.
You block the crocodile's attack.
You hit the crocodile but do no damage.
The crocodile is almost dead.
The crocodile bites you but does no damage.
You barely miss the crocodile.
The crocodile is almost dead.
The crocodile bites you.
* * * LOW HITPOINT WARNING * * *
The crocodile bites you.
* * * LOW HITPOINT WARNING * * *
You closely miss the crocodile.
The crocodile is almost dead.
The crocodile bites you!
* * * LOW HITPOINT WARNING * * *
You hit the crocodile.
The crocodile is almost dead.
The crocodile bites you!
You die...

###### ### #....# #.#
#....# ####.#
########....####....####
......t@..........#.#...
....####....###.......##
. #...........#.##
#....###.#.##.#
....#####..#.##.###
....## #..#..##.#.> #.##
#..#..###.... #.
#.##.######.. #. #.
#.....


You could see a crocodile.

Vanquished Creatures
  Prince Ribbit (D:6)
  The ghost of Bepip the Covered, an amateur MiFi (D:4)
  An orc warrior (D:4)
  A sky beast (D:5)
  A phantom (D:4)
  An ogre (D:5)
  3 centaurs (D:5)
  A giant frog (D:5)
  2 scorpions (D:4)
  A crimson imp (D:5)
  A hound (D:6)
  A giant frog skeleton (D:4)
  An orc priest (D:3)
  Jessica (D:2)
  An iguana (D:6)
  Ijyb (D:2)
  Natasha (thrice) (D:2)
  3 orc wizards
  4 worker ants
  A mummy (D:5)
  A worker ant zombie (D:5)
  3 gnolls (D:2)
  8 adders
  An ooze (D:7)
  An adder skeleton (D:5)
  4 worms
  A dart slug (D:1)
  6 giant geckos
  17 orcs
  8 bats
  5 giant cockroaches
  8 goblins (D:2)
  3 hobgoblins
  21 jackals
  2 quokkas (D:2)
  2 ball pythons
  7 giant newts
  4 kobolds
  9 rats
141 creatures vanquished.

Vanquished Creatures (others)
  A dart slug (D:2)
1 creature vanquished.

Grand Total: 142 creatures vanquished

Notes
Turn   | Place    | Note
-------+----------+-------------------------------------------
     0 | D:1      | matakusis the Demonspawn Gladiator began the quest for the Orb.
     0 | D:1      | Reached XP level 1. HP: 16/16 MP: 1/1
    50 | D:1      | Reached skill level 3 in Dodging
    53 | D:1      | Gained mutation: You are partially covered in large bone plates. (AC +2, SH +2) [demonic ancestry]
    53 | D:1      | Reached XP level 2. HP: 14/22 MP: 2/2
   542 | D:1      | Gained mutation: You are mostly covered in large bone plates. (AC +3, SH +3) [demonic ancestry]
   542 | D:1      | Reached XP level 3. HP: 24/28 MP: 3/3
   722 | D:2      | Noticed Natasha
   726 | D:2      | Killed Natasha
   756 | D:2      | Noticed Natasha
   786 | D:2      | Gained mutation: You have sharp fingernails. [demonic ancestry]
   786 | D:2      | Reached XP level 4. HP: 30/34 MP: 4/4
   797 | D:2      | Killed Natasha
   797 | D:2      | Reached skill level 4 in Dodging
  1145 | D:2      | Noticed Jessica
  1150 | D:2      | Killed Jessica
  1150 | D:2      | Gained mutation: You have very sharp fingernails. [demonic ancestry]
  1150 | D:2      | Reached XP level 5. HP: 41/41 MP: 5/5
  1340 | D:2      | Noticed Natasha
  1351 | D:2      | Killed Natasha
  1681 | D:2      | Noticed Ijyb
  1695 | D:2      | Killed Ijyb
  2976 | D:3      | Reached skill level 5 in Dodging
  3008 | D:3      | Found a glowing golden altar of the Shining One.
  3081 | D:3      | Gained mutation: You sometimes gain a little power by taking damage. [demonic ancestry]
  3081 | D:3      | Reached XP level 6. HP: 47/47 MP: 6/6
  3443 | D:4      | Noticed an orc warrior
  3474 | D:4      | Killed an orc warrior
  3642 | D:4      | Noticed Bepip's ghost (amateur MiFi)
  3671 | D:4      | Killed Bepip's ghost
  3671 | D:4      | Gained mutation: You sometimes gain power by taking damage. [demonic ancestry]
  3671 | D:4      | Reached XP level 7. HP: 44/55 MP: 7/7
  3680 | D:4      | Reached skill level 6 in Dodging
  3821 | D:4      | Got a pitted dagger
  3822 | D:4      | Identified the +7 dagger of the Beast {antimagic, rF+} (You found it on level 4 of the Dungeon)
  3875 | D:4      | Found a staircase to the Ecumenical Temple.
  3923 | Temple   | Entered the Ecumenical Temple
  4251 | D:4      | Reached skill level 5 in Fighting
  4527 | D:5      | Entered Level 5 of the Dungeon
  4609 | D:5      | Reached XP level 8. HP: 43/62 MP: 8/8
  4730 | D:5      | Found a snail-covered altar of Cheibriados.
  4736 | D:5      | Reached skill level 7 in Dodging
  5914 | D:6      | Reached skill level 5 in Long Blades
  6024 | D:6      | Found a stormy altar of Qazlal.
  6187 | D:6      | Noticed Prince Ribbit
  6213 | D:6      | Killed Prince Ribbit
  6213 | D:6      | Reached skill level 8 in Dodging
  6621 | D:7      | Found Eraolu's General Store.
  6646 | D:7      | Found Joduxte's Gadget Emporium.
  6701 | D:7      | HP: 3/65 [crocodile (7)]
  6702 | D:7      | Demolished by a crocodile

Vault maps used:
D:1:      scummos_arrival_star
D:2:      kennysheep_the_goblin_king, uniq_natasha, uniq_jessica
D:3:      nicolae_overflow_hidden_temple
D:5:      slow_altar_2, first_bread
D:6:      kennysheep_little_box, uniq_prince_ribbit1
D:7:      led_sif_pool, serial_shops, shop, nicolae_shop_trees,
          nicolae_shop_stone, nicolae_shop_crystal, kennysheep_path_1,
          the_bakery, elyvilon_altar_4, uniq_duvessa, uniq_menkaure
Temple:   compressed_dpeg_circular_temple

Skill      XL: |  1  2  3  4  5  6  7  8 |
---------------+-------------------------+-----
Dodging        | 3 4 5 6 8 |  8.2
Long Blades    | 3 4 5 |  5.2
Fighting       | 3 4 5 6 |  6.4
Throwing       | |  1.7

Action                   |  1- 3 |  4- 6 |  7- 9 || total
-------------------------+-------+-------+-------++-------
Melee: Long sword        |   118 |   244 |   387 ||   749
       Dagger            |       |       |     9 ||     9
Throw: Throwing net      |       |     3 |       ||     3
  Use: Scroll            |     1 |     5 |     4 ||    10
       Potion            |       |     9 |     1 ||    10
 Stab: Sleeping          |     1 |       |       ||     1
  Eat: Chunk             |       |     9 |    11 ||    20
Armor: Leather armour    |    43 |    54 |    65 ||   162
       Skin              |       |    16 |       ||    16
Dodge: Dodged            |    78 |   128 |   207 ||   413
Block: Other             |     9 |    24 |    46 ||    79
